 Dungeon Crawl Stone Soup version 0.22-a0-800-g058c00f (webtiles) character file.

61 royokou the Firebug (level 4, -16/39 HPs)
             Began as an Ogre Fire Elementalist on July 21, 2018.
             Demolished by an ogre
             ... wielding a +0 giant club
              (28 damage)
             ... on level 2 of the Dungeon.
             The game lasted 00:06:18 (1447 turns).

royokou the Firebug (Ogre Fire Elementalist)        Turns: 1447, Time: 00:06:18

Health: -16/39     AC:  3    Str: 12    XL:     4   Next: 7%
Magic:  2/8        EV: 10    Int: 17    God:
Gold:   56         SH:  0    Dex:  9    Spells: 1/9 levels left

rFire    . . .     SeeInvis .   d - +0 mace
rCold    . . .     Gourm    .   (no shield)
rNeg     . . .     Faith    .   a - +0 robe
rPois    .         Spirit   .   (helmet restricted)
rElec    .         Reflect  .   (no cloak)
rCorr    .         Harm     .   (gloves unavailable)
MR       .....                  (boots unavailable)
Stlth    +.........             (no amulet)
HPRegen  0.13/turn              (no ring)
MPRegen  0.11/turn              (no ring)

@: no status effects
A: large, unfitting armour, tough skin 1
a: no special abilities


You were on level 2 of the Dungeon.
You were very hungry.

You visited 1 branch of the dungeon, and saw 2 of its levels.

You collected 56 gold pieces.

Inventory:

Hand Weapons
 d - a +0 mace (weapon)
Missiles
 b - 16 poisoned needles
 g - 3 large rocks (quivered)
Armour
 a - a +0 robe (worn)
Scrolls
 e - 3 scrolls of identify {unknown}
 f - a scroll of enchant armour {unknown}
Potions
 h - 2 potions of brilliance {unknown}
 i - a potion of flight {unknown}
Comestibles
 c - 3 rations


   Skills:
 - Level 1.7 Dodging
 - Level 1.4 Stealth
 + Level 3.1 Spellcasting
 * Level 2.4 Conjurations
 + Level 3.2 Fire Magic


You had one spell level left.
You knew the following spells:

 Your Spells              Type           Power        Failure   Level  Hunger
a - Flame Tongue          Conj/Fire      ##...        5%          1    None
b - Conjure Flame         Conj/Fire      ##......     16%         3    ###....
c - Sticky Flame          Conj/Fire      ##......     47%         4    ####...

Your spell library contained the following spells:

 Spells                   Type           Power        Failure   Level  Hunger
 Fireball                 Conj/Fire      ##........   83%         5    ######.
 Throw Flame              Conj/Fire      ##....       9%          2    ##.....
 Inner Flame              Hex/Fire       #.......     26%         3    ###....


Dungeon Overview and Level Annotations

Branches:
Dungeon (2/15)

Altars:


Innate Abilities, Weirdness & Mutations

You are too large for most types of armour.
You have tough skin. (AC +1)


Message History

You are feeling very hungry.
Casting: Flame Tongue (safe; 5% risk of failure)
Confirm with . or Enter, or press ? or * to list all spells.
Aiming: Flame Tongue (safe; 5% risk of failure)
Press: ? - help, Shift-Dir - straight line, f/p - ogre
Aim: an ogre, wielding a giant club (heavily wounded)
The flame tongue hits the ogre.
The ogre is heavily wounded.
The ogre hits you with a giant club!!
Ouch! That really hurt!
Casting: Flame Tongue (safe; 5% risk of failure)
Confirm with . or Enter, or press ? or * to list all spells.
Aiming: Flame Tongue (safe; 5% risk of failure)
Press: ? - help, Shift-Dir - straight line, f/p - ogre
Aim: an ogre, wielding a giant club (heavily wounded)
The flame tongue hits the ogre.
The ogre is severely wounded.
The ogre hits you with a giant club!!
Ouch! That really hurt!
You die...

..# . #.# #.###.# # .>##.# [ #.
#.##.# .# . #.##.##.#####.######.
#.......##..........#
#######.......##.##....# .
#######.......##@##.##......# #
........##.....O.##.#.......# #
........##.#...#..รท.......#.##
##
........##....###.#.#..#.....###.
...........#...#.##.##..........#
.O....<.##.#...)....#####.#####.#
....)............#)## ##.......#
.......#####..#.##.# #...######
######## #....##.# #...##.##


You could see an ogre.

Vanquished Creatures
  A hound zombie (D:2)
  An adder (D:2)
  An ooze (D:1)
  A dart slug (D:1)
  3 bats
  2 giant cockroaches (D:1)
  4 goblins
  4 hobgoblins
  4 jackals (D:1)
  3 kobolds (D:2)
  A frilled lizard (D:2)
  4 rats
29 creatures vanquished.

Notes
Turn   | Place    | Note
-------+----------+-------------------------------------------
     0 | D:1      | royokou the Ogre Fire Elementalist began the quest for the Orb.
     0 | D:1      | Reached XP level 1. HP: 16/16 MP: 3/3
    26 | D:1      | Reached skill level 1 in Conjurations
    28 | D:1      | Upgraded the game from 0.22-a0-614-g34fbaa0 to 0.22-a0-800-g058c00f
   258 | D:1      | Reached XP level 2. HP: 23/24 MP: 2/5
   668 | D:1      | Reached XP level 3. HP: 31/31 MP: 2/7
  1000 | D:2      | Learned a level 3 spell: Conjure Flame
  1153 | D:2      | Reached XP level 4. HP: 36/39 MP: 2/8
  1182 | D:2      | Learned a level 4 spell: Sticky Flame
  1275 | D:2      | Noticed an ogre
  1447 | D:2      | Demolished by an ogre

Vault maps used:
D:1:      ncdulo_watergridlock
D:2:      minmay_misc_feat_alley, minmay_surrounded

Skill      XL: |  1  2  3 |
---------------+----------+-----
Conjurations   | 1 2 |  2.4
Fire Magic     | 3 |  3.2
Spellcasting   | 3 |  3.1
Dodging        | |  1.7
Stealth        | |  1.4

Action                   |  1- 3 |  4- 6 || total
-------------------------+-------+-------++-------
Melee: Unarmed           |    12 |       ||    12
       Club              |    19 |       ||    19
       Mace              |    26 |       ||    26
 Cast: Flame Tongue      |    39 |    11 ||    50
       Conjure Flame     |       |     1 ||     1
  Eat: Chunk             |     1 |       ||     1
Armor: Robe              |    35 |       ||    35
Dodge: Dodged            |    51 |     1 ||    52

Table legend:
 A = Spawn XP
 B = Non-spawn XP
 C = Spawn XP percentage of total XP
 D = Spawn monster count
 E = Non-spawn monster count
 F = Spawn count percentage of total count
 G = Total turns spent on level
                    A         B        C        D         E        F      G
               +---------+---------+-------+---------+---------+-------+---------
         Total |       0 |      88 |   0.0 |       0 |      29 |   0.0 |  1447
               +---------+---------+-------+---------+---------+-------+---------
           D:1 |       0 |      35 |   0.0 |       0 |      15 |   0.0 |  1041
           D:2 |       0 |      53 |   0.0 |       0 |      14 |   0.0 |   406
               +---------+---------+-------+---------+---------+-------+---------
